 Dungeon Sprint DCSS version 0.28.0 (webtiles) character file.

Game seed: 6345098433458326245

261 rocky1 the Blocker (level 5, -7/45 HPs)
             Began as a Minotaur Fighter on Feb 10, 2022.
             Mangled by a human (11 damage)
             ... in the Dungeon (Sprint III: "The Ten Rune Challenge").
             The game lasted 00:02:02 (501 turns).

rocky1 the Blocker (Minotaur Fighter)                Turns: 501, Time: 00:02:02

Health: -7/45      AC:  8    Str: 22    XL:     5   Next: 96%
Magic:  4/4        EV:  9    Int:  5    God:
Gold:   43         SH:  6    Dex: 10    Spells: 4/4 levels left

rFire   . . .      SeeInvis .   a - +0 long sword
rCold   . . .      Faith    .   c - +0 buckler
rNeg    . . .      Spirit   .   b - +0 scale mail
rPois   .          Reflect  .   (helmet restricted)
rElec   .          Harm     .   k - +0 cloak
rCorr   .          Rampage  .   (no gloves)
Will    .....      NoTele   +   (no boots)
Stlth   ..........              (no amulet)
HPRegen 0.15/turn               (no ring)
MPRegen 0.09/turn               (no ring)

@: mighty
A: horns 2, retaliatory headbutt
a: no special abilities


You were in the Dungeon.
You visited 1 branch You collected 43 gold pieces.

Inventory:

Hand Weapons
 a - a +0 long sword (weapon)
Armour
 b - a +0 scale mail (worn)
 c - a +0 buckler (worn)
 k - a +0 cloak (worn)
Scrolls
 j - a scroll of blinking
 m - a scroll of torment {unknown}
 n - a scroll of amnesia {unknown}
 q - a scroll of immolation {unknown}
 r - a scroll of identify {unknown}
Potions
 e - a potion of curing
 f - a potion of heal wounds
 g - a potion of haste
 h - 2 potions of magic
 i - a potion of berserk rage
 l - 3 potions of mutation {unknown}
 o - a potion of degeneration {unknown}
 p - 4 potions of flight


   Skills:
 - Level 3.6 Fighting
 + Level 10.7 Long Blades
 - Level 3.6 Armour
 + Level 11.0 Shields


You had 4 spell levels left.
You didn't know any spells.
Your spell library was empty.

Dungeon Overview and Level Annotations

Branches:
Dungeon (1/1)

Altars:
Okawaru
Trog
Uskayaw
Wu Jian
Beogh


Innate Abilities, Weirdness & Mutations

You have a pair of horns on your head.
You reflexively headbutt those who attack you in melee.


Message History

The human drinks a potion.
The human seems to grow stronger.
You block the human's attack.
You closely miss the human. Your headbutt misses the human.
The human is almost dead.
You block the human's attack. The human completely misses you.
You slash the human!
You kill the human!
The human drinks a potion.
The human goes berserk!
Your Long Blades skill gained 2 levels and is now at level 10!
Your Shields skill gained 2 levels and is now at level 11!
You have reached level 5!
You slash the human! Your headbutt misses the human.
The human is moderately wounded.
The human hits you with a +0 club!
You hit the human.
The human is moderately wounded.
The human hits you with a +0 club!
You closely miss the human. Your headbutt misses the human.
The human is moderately wounded.
The human closely misses you. You furiously retaliate!
You headbutt the human! The human hits you with a +0 club.
You are too injured to fight recklessly!
You are too injured to fight recklessly!
You are too injured to fight recklessly!
You are too injured to fight recklessly!
You slice the human!!
The human is almost dead.
The human hits you but does no damage.
You miss the human.
The human is almost dead.
The human hits you with a +0 club!
* * * LOW HITPOINT WARNING * * *
You hit the human.
The human is almost dead.
The human closely misses you. The human hits you with a +0 club.
* * * LOW HITPOINT WARNING * * *
You barely miss the human.
The human is almost dead.
The human hits you with a +0 club!
You die...

▓ ▓▓▓ #### ##.# #####
...#####..# #___
....#..#..# #__
#.).#..#..###+#p###+##
##..##'#..#.....@....#
##..###...'.⌠........#
#..####...#...######+#
#..###....#.⌠.#
...##.....#...#
...#......#+###
.##)#.....#
.#####....# ▓▓ ▓▓▓▓▓▓


You could see a human (berserk).

Vanquished Creatures
  A water elemental (D)
  Crazy Yiuf (D)
  Jessica (D)
  2 humans (D)
  An endoplasm (D)
  2 rats (D)
8 creatures vanquished.

Notes
Turn   | Place    | Note
-------+----------+-------------------------------------------
     0 | D        | rocky1 the Minotaur Fighter began the quest for the Orb.
     0 | D        | Reached XP level 1. HP: 19/19 MP: 0/0
    13 | D        | Reached skill level 4 in Shields
    21 | D        | Noticed Jessica
    27 | D        | Killed Jessica
    28 | D        | Reached skill level 5 in Long Blades
    28 | D        | Reached skill level 6 in Shields
    28 | D        | Reached XP level 2. HP: 9/26 MP: 1/1
   246 | D        | Reached XP level 3. HP: 31/31 MP: 2/2
   255 | D        | Noticed Crazy Yiuf
   260 | D        | Killed Crazy Yiuf
   261 | D        | Reached skill level 7 in Shields
   266 | D        | Reached XP level 4. HP: 12/39 MP: 3/3
   479 | D        | Noticed a water elemental
   481 | D        | Killed a water elemental
   482 | D        | Reached skill level 9 in Shields
   489 | D        | Found a hide-covered altar of Uskayaw.
   489 | D        | Found an iron altar of Okawaru.
   489 | D        | Found a bloodstained altar of Trog.
   489 | D        | Found an ornate altar of the Wu Jian Council.
   489 | D        | Noticed a human
   490 | D        | Noticed a human
   494 | D        | Killed a human
   495 | D        | Reached skill level 10 in Long Blades
   495 | D        | Reached skill level 11 in Shields
   495 | D        | Reached XP level 5. HP: 45/45 MP: 4/4
   501 | D        | Mangled by a human

Illustrated notes

Levels and vault maps discovered:
D:        dungeon_sprint_mu [sprint_mu_entry_cave, sprint_mu_temple_rooms,
          sprint_mu_d1_spiders, sprint_mu_d2_genie, sprint_mu_d3_branching,
          sprint_mu_orc_legion, sprint_mu_elf_gauntlet, sprint_mu_hive_nellie,
          sprint_mu_lair_fedhas, sprint_mu_vaults_butterflies,
          sprint_mu_slime_circle, sprint_mu_shoals_archi,
          sprint_mu_snake_twists, sprint_mu_blade_basic, sprint_mu_crypt_lich,
          sprint_mu_tomb_spiral, sprint_mu_vestibule_basic,
          sprint_mu_gehenna_hellfire, sprint_mu_dis_giant,
          sprint_mu_tartarus_statrot, sprint_mu_cocytus_islands, sprint_mu_zot1]

Skill      XL: |  1  2  3  4 |
---------------+-------------+-----
Long Blades    | 5 7 10 | 10.7
Shields        | 6 7 11 | 11.0
Fighting       | |  3.6
Armour         | |  3.6

Action                   |  1- 3 |  4- 6 || total
-------------------------+-------+-------++-------
Melee: Long sword        |    15 |    12 ||    27
       Headbutt          |       |     2 ||     2
  Use: Potion            |       |     1 ||     1
Armor: Scale mail        |     3 |     1 ||     4
Dodge: Dodged            |     2 |     3 ||     5
Block: Buckler           |     2 |     2 ||     4
